[Event "Titled Tuesday Blitz May 23 Late 2023"]
[White "Cardozo Munar, Carlos Eduardo"]
[Black "Shapiro, Daniel"]
[WhiteFideId "4409477"]
[BlackFideId "2001780"]
[WhiteElo "2067"]
[BlackElo "2330"]
[Result "1/2-1/2"]
[Round "10"]
[TimeControl "180+2"]
[Date "2023.05.23"]
[WhiteClock "0:00:46"]
[BlackClock "0:00:07"]

1. e4 c5 2. Nf3 e6 3. Nc3 a6 4. a4 b6 5. Bc4 Bb7 6. O-O d6 7. d4 cxd4 8. Nxd4 Nd7 9. Bxe6 fxe6 10. Nxe6 Qc8 11. Qg4 Ngf6 12. Nxg7+ Kf7 13. Qe6+ Kxg7 14. Bg5 Qe8 15. Qh3 Qg6 16. f4 h6 17. Bh4 Qg4 18. e5 dxe5 19. fxe5 Qd4+ 20. Kh1 Qxe5 21. Rf5 Qd4 22. Raf1 Bc5 23. Bxf6+ Nxf6 24. Rxf6 Qxf6 25. Qd7+ Qe7 26. Qg4+ Qg5 27. Qd7+ Qe7 28. Qg4+ Qg5 29. Qd7+ Qe7 1/2-1/2


[Site "https://www.chess.com"]

[Event "Titled Tuesday Blitz May 23 Late 2023"]
[White "Kovacevic, Radmila"]
[Black "Einarsson, Halldor Gretar"]
[WhiteFideId "933171"]
[BlackFideId "2300150"]
[WhiteElo "2194"]
[BlackElo "2110"]
[Result "0-1"]
[Round "10"]
[TimeControl "180+2"]
[Date "2023.05.23"]
[WhiteClock "0:00:43"]
[BlackClock "0:01:10"]

1. e4 c5 2. Nf3 Nc6 3. c4 e5 4. Nc3 d6 5. h3 g6 6. Bd3 Bh6 7. g4 Bf4 8. a3 h5 9. Rg1 hxg4 10. hxg4 Nf6 11. g5 Nh7 12. Nd5 Be6 13. Qa4 Kf8 14. Nxf4 exf4 15. Be2 Ne5 16. Nxe5 dxe5 17. Qa5 Qxa5 0-1


[Site "https://www.chess.com"]

[Event "Titled Tuesday Blitz May 23 Late 2023"]
[White "Slavin, Alexey"]
[Black "Chlpik, Martin"]
[WhiteFideId "24104388"]
[BlackFideId "14923351"]
[WhiteElo "2264"]
[BlackElo "2109"]
[Result "1-0"]
[Round "10"]
[TimeControl "180+2"]
[Date "2023.05.23"]
[WhiteClock "0:01:27"]
[BlackClock "0:01:01"]

1. e4 e6 2. Nf3 d5 3. e5 c5 4. b4 a5 5. bxc5 d4 6. Bb5+ Bd7 7. Nxd4 Bxc5 8. Bxd7+ Nxd7 9. Nf3 Nxe5 10. Nxe5 Bd4 11. Nxf7 Qf6 12. O-O Qxf7 13. c3 Bc5 14. d4 Bd6 15. Qa4+ Ke7 16. Bg5+ Nf6 17. Nd2 Bxh2+ 18. Kxh2 Qh5+ 19. Kg1 Qxg5 20. Nf3 Qh5 21. Rab1 Ra7 22. Rb5 Nd5 23. c4 Rf8 24. cxd5 1-0


[Site "https://www.chess.com"]

[Event "Titled Tuesday Blitz May 23 Late 2023"]
[White "Rose, Felix"]
[Black "Brown, Raehanna"]
[WhiteFideId "5105722"]
[BlackFideId "7402740"]
[WhiteElo "2039"]
[BlackElo "1655"]
[Result "1-0"]
[Round "10"]
[TimeControl "180+2"]
[Date "2023.05.23"]
[WhiteClock "0:00:57"]
[BlackClock "0:00:06"]

1. Nf3 Nf6 2. b3 g6 3. Bb2 Bg7 4. c4 O-O 5. g3 b6 6. Bg2 Bb7 7. O-O d5 8. cxd5 Qxd5 9. Nc3 Qd8 10. Rc1 c5 11. d4 Nbd7 12. d5 Nxd5 13. Nxd5 Bxb2 14. Rc2 Bg7 15. e4 e6 16. Nc3 Bxc3 17. Rxc3 Bxe4 18. Re1 Bc6 19. Rd3 Qc7 20. Re2 Rad8 21. Red2 Rfe8 22. Ne5 Bxg2 23. Nxd7 Bc6 24. Nf6+ Kg7 25. Nxe8+ Rxe8 26. Rd8 Rxd8 27. Rxd8 e5 28. Qd6 Qb7 29. Qxe5+ f6 30. Qd6 Be4 31. Qf8# 1-0


[Site "https://www.chess.com"]

[Event "Titled Tuesday Blitz May 23 Late 2023"]
[White "Florianovitz, Derlei Alex"]
[Black "Zampronha, Wladimir Camilo"]
[WhiteFideId "2114178"]
[BlackFideId "2103087"]
[WhiteElo "1953"]
[BlackElo "2176"]
[Result "1-0"]
[Round "10"]
[TimeControl "180+2"]
[Date "2023.05.23"]
[WhiteClock "0:01:21"]
[BlackClock "0:01:11"]

1. e4 c5 2. Nf3 e6 3. d4 cxd4 4. Nxd4 Nc6 5. Nc3 Qc7 6. Be3 a6 7. a3 Nf6 8. Bd3 Ne5 9. Be2 d6 10. O-O Be7 11. Bg5 O-O 12. f4 Nc4 13. Bxc4 Qxc4 14. e5 dxe5 15. fxe5 Bc5 16. exf6 Qxd4+ 17. Kh1 gxf6 18. Bxf6 Qxd1 19. Raxd1 b6 20. b4 Be3 21. Rf3 Bh6 22. Rg3+ 1-0


[Site "https://www.chess.com"]

[Event "Titled Tuesday Blitz May 23 Late 2023"]
[White "dorpato"]
[Black "Kostiukov, Alexandr"]
[BlackFideId "14108100"]
[WhiteElo "2063"]
[BlackElo "2202"]
[Result "0-1"]
[Round "10"]
[TimeControl "180+2"]
[Date "2023.05.23"]
[WhiteClock "0:00:00"]
[BlackClock "0:00:05"]

1. e4 c5 2. Nc3 g6 3. g3 Bg7 4. Bg2 Nc6 5. d3 d6 6. Be3 e5 7. Qd2 Nge7 8. Bh6 Bxh6 9. Qxh6 Nd4 10. O-O-O Be6 11. Nf3 Bg4 12. Qe3 O-O 13. h3 Bxf3 14. Bxf3 b5 15. h4 b4 16. Ne2 f6 17. h5 g5 18. Bg4 Kh8 19. f4 Rg8 20. Nxd4 cxd4 21. Qf3 Rf8 22. fxg5 fxg5 23. Bf5 Nxf5 24. exf5 d5 25. Rde1 Qd6 26. Qg4 h6 27. Rhf1 Rf6 28. Qf3 Re8 29. Re2 Rf7 30. Rfe1 Rfe7 31. g4 Kg7 32. Rf2 Kf6 33. Rfe2 Qc6 34. Qg3 e4 35. dxe4 Rxe4 36. Rxe4 dxe4 37. Qb3 d3 38. c3 bxc3 39. Qxc3+ Qxc3+ 40. bxc3 Ke5 41. Kd2 Rb8 42. Ke3 Rb2 43. c4 Rg2 44. c5 Rg3+ 45. Kf2 Rf3+ 46. Kg2 Kd5 47. c6 Rf4 48. c7 Rxg4+ 49. Kh3 Rh4+ 50. Kg3 d2 51. Rd1 e3 52. c8=Q Rd4 53. Qc2 e2 54. Rxd2 e1=Q+ 0-1


[Site "https://www.chess.com"]

[Event "Titled Tuesday Blitz May 23 Late 2023"]
[White "ritanovikova"]
[Black "Petrovic, Aleksa"]
[BlackFideId "967629"]
[WhiteElo "2168"]
[BlackElo "2309"]
[Result "0-1"]
[Round "10"]
[TimeControl "180+2"]
[Date "2023.05.23"]
[WhiteClock "0:00:38"]
[BlackClock "0:00:06"]

1. e3 d5 2. d4 Nf6 3. Nf3 c6 4. c4 Nbd7 5. Nc3 e6 6. cxd5 exd5 7. Bd3 Bd6 8. O-O O-O 9. Re1 Re8 10. h3 Ne4 11. Qc2 Ndf6 12. Nd2 Bf5 13. f3 Bg3 14. Rf1 Nxd2 15. Bxd2 Bxd3 16. Qxd3 Qd6 17. f4 Ne4 18. Nxe4 Rxe4 19. Rf3 Bh4 20. b4 Rae8 21. b5 Bd8 22. bxc6 bxc6 23. Rc1 Bb6 24. a4 c5 25. a5 c4 26. Qc2 Bc7 27. Qa4 h5 28. Rb1 Qg6 29. Kh2 Rxe3 30. Bxe3 Rxe3 31. Rxe3 Bxf4+ 32. g3 Bxe3 33. Qe8+ Kh7 34. Qxe3 Qxb1 35. h4 Qe4 36. Qg5 Qxd4 37. Qxh5+ Kg8 38. Qg5 c3 39. h5 c2 40. h6 Kh7 41. Qf5+ Kxh6 42. Qxc2 g6 43. Qc1+ Kg7 44. Qc7 Qd2+ 45. Kh3 Qh6+ 46. Kg2 Qe3 47. Qd8 d4 48. Kh3 d3 49. a6 d2 50. Qd5 Qe2 51. Qd4+ Kg8 52. Qd8+ Kh7 53. Qh4+ Qh5 54. g4 Qxh4+ 55. Kxh4 d1=Q 56. Kg5 Qa4 57. Kh4 Qxa6 58. g5 Qc4+ 59. Kg3 Qd5 60. Kf2 Qxg5 0-1


[Site "https://www.chess.com"]

[Event "Titled Tuesday Blitz May 23 Late 2023"]
[White "Romero Ruscalleda, Josep"]
[Black "Cagara, Paulina"]
[WhiteFideId "2231859"]
[BlackFideId "1124870"]
[WhiteElo "2183"]
[BlackElo "1967"]
[Result "0-1"]
[Round "10"]
[TimeControl "180+2"]
[Date "2023.05.23"]
[WhiteClock "0:00:07"]
[BlackClock "0:00:22"]

1. e4 c6 2. Nc3 d5 3. Nf3 Bg4 4. h3 Bxf3 5. Qxf3 e6 6. d4 dxe4 7. Qxe4 Nf6 8. Qd3 Nbd7 9. g3 Nd5 10. Bg2 N7f6 11. O-O Bd6 12. Ne4 Nxe4 13. Qxe4 Nf6 14. Qd3 O-O 15. Bg5 Qb6 16. Bxf6 gxf6 17. c4 Qa5 18. a3 Rad8 19. b4 Qc7 20. c5 Be7 21. Qe3 f5 22. Rad1 Bf6 23. g4 fxg4 24. hxg4 Kh8 25. Rd3 Rg8 26. Qe4 Rg6 27. Rfd1 Rdg8 28. Rh3 R8g7 29. Bf3 a6 30. Kf1 a5 31. Ke2 axb4 32. axb4 Qb8 33. Qc2 Qa7 34. Qb2 Qa6+ 35. Rd3 Rg8 36. Kd2 Ra8 37. Be4 Rg7 38. f4 Qc4 39. Ke3 Ra2 40. Qc3 Qa6 41. g5 Be7 42. d5 Kg8 43. d6 Bd8 44. Rd2 Ra3 45. Rd3 Rxc3 46. Rxc3 Qf1 47. Rd3 Qxh3+ 48. Kd2 Qh2+ 49. Kc3 Qxf4 50. b5 Qxe4 51. bxc6 Qxc6 52. Kc4 b6 53. Rg3 Qxc5+ 54. Kd3 Qxd6+ 0-1


[Site "https://www.chess.com"]

[Event "Titled Tuesday Blitz May 23 Late 2023"]
[White "coquitovich"]
[Black "Harish, Neeraj"]
[BlackFideId "30958130"]
[WhiteElo "2144"]
[BlackElo "1879"]
[Result "1-0"]
[Round "10"]
[TimeControl "180+2"]
[Date "2023.05.23"]
[WhiteClock "0:00:10"]
[BlackClock "0:00:00"]

1. Nf3 d5 2. g3 Nf6 3. Bg2 e6 4. O-O Be7 5. d3 O-O 6. Bd2 c5 7. e3 Nc6 8. Nc3 e5 9. Ne2 h6 10. Ne1 Be6 11. Nc3 Rc8 12. h3 a6 13. a4 d4 14. Ne4 Nd5 15. g4 g6 16. exd4 cxd4 17. Bxh6 Re8 18. Qd2 Kh7 19. Ng5+ Bxg5 20. Bxg5 f6 21. Bh4 Kg7 22. Bg3 g5 23. c4 dxc3 24. bxc3 Na5 25. c4 Ne7 26. Rd1 Rc7 27. Be4 Rd7 28. Bxe5 fxe5 29. Qxg5+ Kf8 30. Qxe5 Ng8 31. Nf3 Nc6 32. Qg3 Rf7 33. g5 Nd4 34. Ne5 Rg7 35. Qf4+ Ke7 36. Bxb7 Qd6 37. Bd5 Bxd5 38. cxd5 Kd8 39. Rfe1 Rxe5 40. Rxe5 Nf3+ 41. Qxf3 Qxe5 42. Qf8+ Qe8 43. Qxg7 Ne7 44. Qf6 Qd7 45. d6 1-0


[Site "https://www.chess.com"]

[Event "Titled Tuesday Blitz May 23 Late 2023"]
[White "Hartikainen, Jarmo"]
[Black "Quirke, Jeffrey"]
[WhiteFideId "503134"]
[BlackFideId "2013029"]
[WhiteElo "2090"]
[BlackElo "2221"]
[Result "1-0"]
[Round "10"]
[TimeControl "180+2"]
[Date "2023.05.23"]
[WhiteClock "0:00:18"]
[BlackClock "0:00:04"]

1. e4 Nf6 2. e5 Nd5 3. d4 d6 4. Nf3 dxe5 5. Nxe5 c6 6. c4 Nf6 7. Nc3 Bf5 8. Be3 Nbd7 9. Nxd7 Qxd7 10. Bd3 Bxd3 11. Qxd3 e6 12. Rd1 Be7 13. O-O O-O 14. a3 a5 15. Qe2 Rfd8 16. Rd2 Qc7 17. Rfd1 Rd7 18. h3 Rad8 19. Qf3 b5 20. cxb5 cxb5 21. Nxb5 Qb6 22. Nc3 Nd5 23. Na4 Qb5 24. Nc5 Rc7 25. b4 axb4 26. axb4 Nxb4 27. Rb2 Rb8 28. Rdb1 Qc4 29. Qg3 Bd8 30. Rc1 Qd5 31. Bf4 Qxd4 32. Rd2 Qxc5 33. Rxc5 1-0


[Site "https://www.chess.com"]

[Event "Titled Tuesday Blitz May 23 Late 2023"]
[White "Rodriguez Santiago, Jaime"]
[Black "Castillo Pena, Patricia Evarista"]
[WhiteFideId "3100898"]
[BlackFideId "6412106"]
[WhiteElo "2025"]
[BlackElo "1919"]
[Result "0-1"]
[Round "10"]
[TimeControl "180+2"]
[Date "2023.05.23"]
[WhiteClock "0:01:04"]
[BlackClock "0:01:02"]

1. c4 Nf6 2. Nc3 d5 3. cxd5 Nxd5 4. g3 g6 5. Bg2 e6 6. e3 Bg7 7. Nge2 O-O 8. O-O Nc6 9. d4 Nxc3 10. bxc3 Ne7 11. Rb1 c6 12. c4 Qa5 13. Qc2 e5 14. Bd2 Qd8 15. Bc3 exd4 16. exd4 Bf5 17. Be4 Bxe4 18. Qxe4 b6 19. Nf4 Re8 20. Rfd1 Nd5 21. Qc2 Nxf4 22. gxf4 Qh4 23. Qd2 Qg4+ 24. Kf1 Re4 25. Rb3 Rxf4 26. Ba1 Qf5 27. Re3 Bf6 28. Rde1 Rd8 29. Re8+ Rxe8 30. Rxe8+ Kg7 31. Bc3 Qh3+ 32. Ke1 Qxh2 33. d5 Qg1+ 34. Ke2 Rxf2+ 35. Kd3 Rxd2+ 36. Kxd2 Bxc3+ 37. Kxc3 cxd5 38. cxd5 Qc5+ 39. Kd3 Qb5+ 0-1


[Site "https://www.chess.com"]

[Event "Titled Tuesday Blitz May 23 Late 2023"]
[White "Luxama, Jacques Muller"]
[Black "Osiecki, Stanislaw"]
[WhiteFideId "11900113"]
[BlackFideId "1102990"]
[WhiteElo "1931"]
[BlackElo "2088"]
[Result "0-1"]
[Round "10"]
[TimeControl "180+2"]
[Date "2023.05.23"]
[WhiteClock "0:00:04"]
[BlackClock "0:00:02"]

1. e4 e6 2. d4 d5 3. Nc3 Bb4 4. Qg4 Kf8 5. e5 c5 6. Nf3 h5 7. Qf4 cxd4 8. Nxd4 Bxc3+ 9. bxc3 Nc6 10. Ba3+ Nge7 11. Nb5 Kg8 12. Nd6 Qf8 13. Bd3 Nf5 14. O-O Nxd6 15. Bxd6 Qd8 16. c4 dxc4 17. Bxc4 Bd7 18. Rad1 Be8 19. Qg3 Qa5 20. Rd3 Rh6 21. Rf3 Nd4 22. Rf4 Nf5 23. Qf3 Nxd6 24. exd6 Bc6 25. Qe3 Rg6 26. g3 Rd8 27. Bd3 Rg5 28. h4 Re5 29. Qd4 Rd5 30. Qe4 g6 31. Rxf7 Kxf7 32. Qxg6+ Kf8 33. Qf6+ Kg8 34. Qxe6+ Kf8 35. Bg6 Rd7 36. Qf6+ Kg8 37. Re1 Rg7 38. Re7 Rxe7 39. dxe7 Rf5 40. Bxf5 Qe1+ 41. Kh2 Qh1# 0-1


[Site "https://www.chess.com"]

[Event "Titled Tuesday Blitz May 23 Late 2023"]
[White "Burke, Paul"]
[Black "Magallanes, Rey Jomar"]
[WhiteFideId "2605767"]
[BlackFideId "5205948"]
[WhiteElo "1894"]
[BlackElo "2250"]
[Result "1-0"]
[Round "10"]
[TimeControl "180+2"]
[Date "2023.05.23"]
[WhiteClock "0:01:46"]
[BlackClock "0:02:16"]

1. e4 c5 2. d4 cxd4 3. c3 dxc3 4. Nxc3 Nc6 5. Nf3 e6 6. Bf4 Bb4 7. Bd3 Nge7 8. e5 O-O 9. Bxh7+ Kxh7 10. Ng5+ Kg6 11. h4 f6 12. Qd3+ f5 13. h5+ 1-0


[Site "https://www.chess.com"]

[Event "Titled Tuesday Blitz May 23 Late 2023"]
[White "Thiel, Thomas"]
[Black "Vargas, Mauricio"]
[WhiteFideId "4615964"]
[BlackFideId "4404572"]
[WhiteElo "2220"]
[BlackElo "1986"]
[Result "1-0"]
[Round "10"]
[TimeControl "180+2"]
[Date "2023.05.23"]
[WhiteClock "0:01:38"]
[BlackClock "0:00:00"]

1. e4 d5 2. exd5 Qxd5 3. Nc3 Qa5 4. d4 c6 5. Nf3 Nf6 6. Bc4 Bg4 7. h3 Bh5 8. g4 Bg6 9. Ne5 e6 10. Bd2 Qc7 11. Bb3 Bd6 12. Qe2 Nbd7 13. f4 O-O-O 14. O-O-O Kb8 15. h4 h5 16. Nxg6 fxg6 17. g5 Ng4 18. Rhf1 Rde8 19. Ne4 Rhf8 20. Nxd6 Qxd6 21. Qe4 Ka8 22. c3 Nb6 23. Qxg6 Re7 24. Qxh5 Nh2 25. Rf2 Nd5 26. Bxd5 1-0


[Site "https://www.chess.com"]

[Event "Titled Tuesday Blitz May 23 Late 2023"]
[White "Von Buelow, Georg"]
[Black "Antonova, Nadezhda"]
[WhiteFideId "4620658"]
[BlackFideId "14700182"]
[WhiteElo "2163"]
[BlackElo "1799"]
[Result "1-0"]
[Round "10"]
[TimeControl "180+2"]
[Date "2023.05.23"]
[WhiteClock "0:01:55"]
[BlackClock "0:02:00"]

1. e4 c6 2. d4 d5 3. e5 Bf5 4. h4 h5 5. Bg5 Qb6 6. Bd3 Bxd3 7. Qxd3 e6 8. Nd2 c5 9. c4 cxd4 10. cxd5 exd5 11. Ngf3 Nc6 12. O-O Be7 13. Rfe1 Bxg5 14. Nxg5 Nh6 15. e6 f6 16. Qg6+ Ke7 17. Qxg7+ Kd6 18. Qd7+ Kc5 19. Rac1+ Kb5 20. Qxd5+ Ka6 21. a4 Qd8 22. Qb5# 1-0


[Site "https://www.chess.com"]

[Event "Titled Tuesday Blitz May 23 Late 2023"]
[White "Stead, Kerry"]
[Black "Prado, Alexandra"]
[WhiteFideId "3202577"]
[BlackFideId "3301346"]
[WhiteElo "1997"]
[BlackElo "1759"]
[Result "1-0"]
[Round "10"]
[TimeControl "180+2"]
[Date "2023.05.23"]
[WhiteClock "0:01:46"]
[BlackClock "0:00:00"]

1. d4 Nf6 2. f3 g6 3. e4 d6 4. Be3 Bg7 5. Qd2 Nc6 6. Ne2 e5 7. d5 Ne7 8. a4 h5 9. Nec3 Bd7 10. Na3 Nfg8 11. O-O-O Bh6 12. f4 exf4 13. Bxf4 a6 14. Kb1 f6 15. Bd3 Bxf4 16. Qxf4 g5 17. Qf2 Ng6 18. Nc4 Ne5 19. Nxe5 fxe5 20. Rhf1 Qe7 21. h3 O-O-O 22. Qa7 Be8 23. Qa8+ Kd7 24. Qxb7 Nf6 25. Qc6+ Kc8 26. Bxa6+ 1-0


[Site "https://www.chess.com"]

[Event "Titled Tuesday Blitz May 23 Late 2023"]
[White "Nakamura, Hikaru"]
[Black "Caruana, Fabiano"]
[WhiteFideId "2016192"]
[BlackFideId "2020009"]
[WhiteElo "2885"]
[BlackElo "2837"]
[Result "1/2-1/2"]
[Round "11"]
[TimeControl "180+2"]
[Date "2023.05.23"]
[WhiteClock "0:00:16"]
[BlackClock "0:00:27"]

1. e4 e5 2. f4 exf4 3. Nf3 d6 4. Bc4 h6 5. h4 Nf6 6. Nc3 Nc6 7. d4 Nh5 8. Ne2 g5 9. hxg5 hxg5 10. d5 Ne5 11. Nxe5 dxe5 12. Nxf4 exf4 13. Rxh5 Rxh5 14. Qxh5 Qe7 15. Bd3 Bf5 16. Qe2 Bd7 17. Bd2 Bg7 18. O-O-O O-O-O 19. Qf2 Kb8 20. g3 Be5 21. gxf4 gxf4 22. Bxf4 Qf6 23. Rf1 Bxb2+ 24. Kb1 Be5 25. Be3 Qxf2 26. Rxf2 f6 27. Bf4 c6 28. c4 cxd5 29. exd5 b6 30. Bxe5+ fxe5 31. Rf7 Kc7 32. Bf5 Kd6 33. Bxd7 Rxd7 34. Rxd7+ Kxd7 35. Kc2 Kd6 36. a4 a6 37. Kd3 b5 38. cxb5 axb5 39. axb5 Kxd5 40. b6 Kc6 41. Ke4 Kxb6 42. Kxe5 1/2-1/2


[Site "https://www.chess.com"]

[Event "Titled Tuesday Blitz May 23 Late 2023"]
[White "Bachmann, Axel"]
[Black "Nihal Sarin"]
[WhiteFideId "3700488"]
[BlackFideId "25092340"]
[WhiteElo "2605"]
[BlackElo "2689"]
[Result "0-1"]
[Round "11"]
[TimeControl "180+2"]
[Date "2023.05.23"]
[WhiteClock "0:00:00"]
[BlackClock "0:00:05"]

1. Nf3 d5 2. e3 Nc6 3. d4 Bg4 4. Be2 e6 5. c4 dxc4 6. Qa4 Nf6 7. Nbd2 a6 8. Qxc4 Bd6 9. b3 O-O 10. Bb2 Qe7 11. O-O Rfd8 12. h3 Bh5 13. Rfd1 h6 14. Rac1 Bg6 15. Ne5 Bxe5 16. dxe5 Nd5 17. Nf3 Rd7 18. a3 Rad8 19. b4 Bh5 20. Qb3 Nb6 21. Rxd7 Rxd7 22. Rd1 Qd8 23. Rxd7 Qxd7 24. Qc2 Bg6 25. Qb3 Be4 26. Nd4 Bd5 27. Qc2 Nxe5 28. Nf5 exf5 29. Bxe5 c6 30. Qc5 Nc8 31. f3 Qe6 32. Bf4 f6 33. Kf2 Kf7 34. a4 g5 35. Bg3 Qe7 36. Qd4 Qe6 37. b5 axb5 38. axb5 Ne7 39. Qb6 cxb5 40. Qxb5 Bc6 41. Qa5 Nd5 42. Qd2 b5 43. Qd4 Kg6 44. h4 Ne7 45. Qc5 Qd7 46. Qb4 Nd5 47. Qf8 Qe8 48. Qd6 Qd7 49. Qf8 Qe8 50. Qc5 Kg7 51. Bd3 Qe6 52. Qa7+ Qd7 53. Qc5 f4 54. exf4 gxf4 55. Bh2 b4 56. Be4 b3 57. Qd4 Qb7 58. Bxd5 Bxd5 59. Qb2 Qb6+ 60. Ke1 Qe3+ 61. Kd1 Bc4 62. Qa3 Qe2+ 0-1


[Site "https://www.chess.com"]

[Event "Titled Tuesday Blitz May 23 Late 2023"]
[White "Carlsen, Magnus"]
[Black "Bortnyk, Olexandr"]
[WhiteFideId "1503014"]
[BlackFideId "14120828"]
[WhiteElo "2852"]
[BlackElo "2734"]
[Result "1-0"]
[Round "11"]
[TimeControl "180+2"]
[Date "2023.05.23"]
[WhiteClock "0:00:52"]
[BlackClock "0:00:00"]

1. d4 d6 2. e4 Nf6 3. Nc3 e5 4. Nf3 Nbd7 5. Bc4 Be7 6. a4 c6 7. O-O O-O 8. Re1 Qc7 9. h3 h6 10. Be3 Re8 11. a5 Nf8 12. d5 c5 13. Nd2 a6 14. Bf1 Ng6 15. Nc4 Bd7 16. Nb6 Rad8 17. Nxd7 Rxd7 18. g3 Bd8 19. h4 Rde7 20. Bh3 Nf8 21. Bd2 N8d7 22. Na4 Rf8 23. c4 Ne8 24. Rc1 Kh8 25. Kg2 Rg8 26. Qf3 Rf8 27. Qa3 b6 28. Bxd7 Qxd7 29. Nxb6 Bxb6 30. axb6 f5 31. b4 f4 32. bxc5 f3+ 33. Kh2 dxc5 34. Qxc5 Nf6 35. Rc3 Ng4+ 36. Kg1 Ref7 37. Qc6 Qd8 38. Qg6 Nf6 39. c5 Qd7 40. Qf5 Qb5 41. Qxe5 Ng4 42. Qd4 Qd7 43. c6 Qd8 44. e5 h5 45. c7 Qc8 46. e6 Rf6 47. d6 Rxe6 48. d7 Rxe1+ 49. Bxe1 1-0


[Site "https://www.chess.com"]

[Event "Titled Tuesday Blitz May 23 Late 2023"]
[White "Bluebaum, Matthias"]
[Black "Babazada, Khazar"]
[WhiteFideId "24651516"]
[BlackFideId "13413554"]
[WhiteElo "2639"]
[BlackElo "2351"]
[Result "0-1"]
[Round "11"]
[TimeControl "180+2"]
[Date "2023.05.23"]
[WhiteClock "0:00:08"]
[BlackClock "0:00:20"]

1. d4 Nf6 2. c4 g6 3. Nc3 Bg7 4. e4 d6 5. Nf3 O-O 6. Be2 a5 7. Be3 Na6 8. O-O h6 9. h3 c6 10. Qd2 Kh7 11. Rad1 Qc7 12. e5 dxe5 13. dxe5 Nd7 14. e6 fxe6 15. Ne4 Nf6 16. Bd3 e5 17. Ng3 Nb4 18. Bb1 Be6 19. a3 Rad8 20. Qe2 Na6 21. Nh4 Bf7 22. Qc2 e4 23. Nxe4 Nxe4 24. Qxe4 Rd6 25. Bf4 e5 26. Be3 Rfd8 27. Rxd6 Qxd6 28. Bc2 Qf6 29. g3 Re8 30. Rd1 Re7 31. Qg4 Be8 32. Be4 Bf7 33. Rd7 Bf8 34. Rxe7 Bxe7 35. Qd7 Qd6 36. Qxb7 Nc5 37. Bxc5 Qxc5 38. Kg2 Kg7 39. b4 axb4 40. axb4 Qxc4 41. Bxg6 Bd5+ 42. Kh2 Qxb4 43. Nf5+ Kf6 44. Qxe7+ Qxe7 45. Nxe7 Kxe7 46. f4 Kf6 47. Bc2 exf4 48. gxf4 Be6 49. Kg3 Bf5 50. Bd1 c5 51. Be2 Ke6 52. h4 Kd5 53. Kf2 Kd4 54. Bf1 c4 55. Ke1 c3 56. Kd1 Ke3 57. Kc1 Kxf4 58. Be2 Kg3 59. h5 Kh4 60. Bd1 Kg5 61. Be2 Kf4 62. Bd1 Bg4 63. Bxg4 Kxg4 64. Kc2 Kxh5 65. Kxc3 Kg4 66. Kd2 Kg3 67. Ke2 Kg2 68. Ke3 h5 69. Kf4 h4 70. Kg4 h3 71. Kg5 h2 72. Kg6 h1=Q 73. Kg7 Qh4 74. Kg8 Qg3+ 75. Kf8 Kf3 76. Kf7 Qd6 77. Kg7 Qe6 78. Kf8 Qd7 79. Kg8 Kf4 80. Kh8 Kf5 81. Kg8 Kg6 82. Kh8 Qd8# 0-1


[Site "https://www.chess.com"]

[Event "Titled Tuesday Blitz May 23 Late 2023"]
[White "Rasulov, Vugar"]
[Black "Moroni, Luca Jr"]
[WhiteFideId "13402390"]
[BlackFideId "865834"]
[WhiteElo "2509"]
[BlackElo "2569"]
[Result "0-1"]
[Round "11"]
[TimeControl "180+2"]
[Date "2023.05.23"]
[WhiteClock "0:00:00"]
[BlackClock "0:00:11"]

1. e4 g6 2. d4 Bg7 3. Nf3 d6 4. Bc4 e6 5. O-O a6 6. Re1 b6 7. a4 Bb7 8. Nc3 Nd7 9. Bg5 Ne7 10. Qd2 h6 11. Be3 g5 12. d5 e5 13. Ne2 f5 14. exf5 Nxf5 15. Bd3 O-O 16. a5 b5 17. c4 bxc4 18. Bxf5 Rxf5 19. Ng3 Rxf3 20. gxf3 Nf6 21. Ra4 Bxd5 22. Ne4 Bf7 23. h4 Qd7 24. Nxf6+ Bxf6 25. hxg5 hxg5 26. Bxg5 Bg7 27. Bh6 Bf6 28. Bg5 Bh8 29. Ra3 Qf5 30. f4 Be6 31. Rg3 Kf7 32. Ree3 e4 33. Qe2 d5 34. Qh5+ Qg6 35. Qh4 Bd4 36. Bh6 Bf6 37. Qh2 Qf5 38. Bg5 Rh8 39. Qg2 Bd4 40. Re2 c5 41. Rd2 Rh3 42. Rxh3 Qxh3 43. Qxh3 Bxh3 44. Kh2 Bf5 45. Kg3 Ke6 46. Bd8 Bg7 47. Bb6 Kd6 48. Rd1 d4 49. Rh1 d3 50. Rh5 Ke6 51. Rh1 Bxb2 52. Bxc5 Kd5 53. Be3 c3 54. Rh5 Ke6 55. Rh6+ Kd7 56. Rb6 d2 57. Rb7+ Kc8 58. Rb6 d1=Q 0-1


[Site "https://www.chess.com"]

[Event "Titled Tuesday Blitz May 23 Late 2023"]
[White "Kramnik, Vladimir"]
[Black "Remizov, Yaroslav"]
[WhiteFideId "4101588"]
[BlackFideId "34134015"]
[WhiteElo "2703"]
[BlackElo "2400"]
[Result "0-1"]
[Round "11"]
[TimeControl "180+2"]
[Date "2023.05.23"]
[WhiteClock "0:00:00"]
[BlackClock "0:00:15"]

1. e4 c5 2. Nf3 e6 3. d4 cxd4 4. Nxd4 Nf6 5. Nc3 Nc6 6. a3 d6 7. Be3 Be7 8. f3 O-O 9. Qd2 Bd7 10. g4 Ne8 11. O-O-O Qb8 12. Nce2 b5 13. Nxc6 Bxc6 14. Nd4 Bd7 15. h4 a5 16. Bg5 f6 17. Be3 Qb7 18. g5 Nc7 19. h5 b4 20. a4 b3 21. cxb3 d5 22. g6 e5 23. h6 hxg6 24. hxg7 Rfc8 25. Kb1 exd4 26. Bxd4 Kf7 27. Bd3 Qxb3 28. Bc2 Qc4 29. b3 Rab8 30. Bb2 Rxb3 31. Bxb3 Qxb3 32. g8=Q+ Rxg8 33. Rh7+ Rg7 34. Rdh1 Ne8 35. Qxd5+ Qxd5 36. exd5 Bxa4 37. Rh8 Bd7 38. Re1 a4 39. Ka2 Bb5 40. Re4 Nd6 41. Rb4 Bc4+ 42. Ka1 Bxd5 43. Rd4 Bxf3 44. Rf4 Bd5 45. Ba3 Be6 0-1


[Site "https://www.chess.com"]

[Event "Titled Tuesday Blitz May 23 Late 2023"]
[White "Sychev, Klementy"]
[Black "Simonian, Hrair"]
[WhiteFideId "4114060"]
[BlackFideId "13302337"]
[WhiteElo "2583"]
[BlackElo "2447"]
[Result "0-1"]
[Round "11"]
[TimeControl "180+2"]
[Date "2023.05.23"]
[WhiteClock "0:00:00"]
[BlackClock "0:00:23"]

1. e4 c5 2. Nf3 e6 3. d4 cxd4 4. Nxd4 a6 5. Bd3 Bc5 6. Nb3 Be7 7. O-O d6 8. Qg4 g6 9. Qe2 h5 10. a4 b6 11. Be3 Nc6 12. N1d2 Nf6 13. Nc4 Rb8 14. a5 b5 15. Nb6 Ng4 16. Bd2 Bb7 17. h3 Nge5 18. f4 Nxd3 19. cxd3 Bf6 20. Be3 O-O 21. f5 exf5 22. exf5 Re8 23. fxg6 fxg6 24. Qf2 Rf8 25. Qg3 Kh7 26. Nd5 Be5 27. Bf4 h4 28. Qe3 Bg7 29. Bg5 Qe8 30. Qxe8 Rbxe8 31. Nf6+ Bxf6 32. Bxf6 Re2 33. Bxh4 Rxf1+ 34. Rxf1 Ne5 35. Rf2 Rxf2 36. Bxf2 Nxd3 37. Bd4 Bd5 38. Nd2 Nf4 39. Kf2 Bxg2 40. Be3 Nd5 41. Ba7 Bxh3 42. Bb8 Nb4 43. Ke3 Nc2+ 44. Kd3 Bf5+ 45. Kc3 d5 46. Nb3 g5 47. Nc5 d4+ 48. Kd2 Nb4 49. Bd6 g4 50. Be5 Nc6 51. Bc7 Bc8 52. Nb3 Kg6 53. Bb6 d3 54. Kxd3 Ne5+ 55. Kd4 Nc4 0-1


[Site "https://www.chess.com"]

[Event "Titled Tuesday Blitz May 23 Late 2023"]
[White "Sarana, Alexey"]
[Black "Holt, Conrad"]
[WhiteFideId "24133795"]
[BlackFideId "2034387"]
[WhiteElo "2714"]
[BlackElo "2592"]
[Result "1-0"]
[Round "11"]
[TimeControl "180+2"]
[Date "2023.05.23"]
[WhiteClock "0:00:01"]
[BlackClock "0:00:00"]

1. e4 e6 2. Qe2 e5 3. f4 d6 4. Nf3 Nc6 5. Nc3 Bg4 6. Qe3 Bxf3 7. Qxf3 Nd4 8. Qd3 Nf6 9. g3 Be7 10. Bg2 O-O 11. O-O c5 12. b3 Qb6 13. Kh1 Qa6 14. Qxa6 bxa6 15. Bb2 Nxc2 16. Rac1 Nb4 17. Rf3 Rad8 18. Bf1 d5 19. exd5 exf4 20. Rxf4 Nfxd5 21. Re4 Bf6 22. Nxd5 Rxd5 23. Bxf6 gxf6 24. Rd1 Nxa2 25. Bxa6 Rfd8 26. Bc4 Re5 27. Rf4 Kg7 28. Rg4+ Rg5 29. Rf4 Rd6 30. Rdf1 Nb4 31. R1f2 Nc6 32. Re4 Re5 33. Rg4+ Kf8 34. Rh4 Kg7 35. Rg4+ Rg5 36. Rxg5+ fxg5 37. Rxf7+ Kg6 38. Rc7 Ne5 39. d3 Nxd3 40. Kg2 Ne5 41. Be2 Rd2 42. Kf1 Rc2 43. Rxa7 h5 44. Ra6+ Kf5 45. Bxh5 Rxh2 46. Be2 Ke4 47. Re6 Kd4 48. Re7 g4 49. Re8 Rh7 50. Rf8 Rb7 51. Rf4+ Ke3 52. Bxg4 Rxb3 53. Be2 Rb1+ 54. Kg2 Rb2 55. Rf5 1-0


[Site "https://www.chess.com"]